 Dungeon Crawl Stone Soup version 0.31-a0-851-g7ff8af7976 (webtiles) character file.

Game seed: 18015419617020518926

89 BinkBink the Shield-Bearer (level 4, -2/40 HPs)
             Began as a Minotaur Fighter on Oct 7, 2023.
             Slain by a gnoll
             ... wielding a +0 flail
              (7 damage)
             ... on level 3 of the Dungeon.
             The game lasted 00:01:49 (1626 turns).

BinkBink the Shield-Bearer (Minotaur Fighter)       Turns: 1626, Time: 00:01:49

Health: -2/40      AC:  7    Str: 23    XL:     4   Next: 31%
Magic:  3/3        EV:  9    Int:  5    God:
Gold:   42         SH:  4    Dex:  9    Spells: 3/3 levels left

rFire   . . .        a - +0 long sword
rCold   . . .        c - +0 buckler
rNeg    . . .        b - +0 scale mail
rPois   .            (helmet restricted)
rElec   .            (no cloak)
rCorr   .            (no gloves)
SInv    .            (no boots)
Will    .....        (no amulet) Stlth
                     (no ring)
HPRegen 0.26/turn    (no ring)
MPRegen 0.08/turn

%: no passive effects
@: no status effects
A: horns 2, retaliatory headbutt
a: no special abilities


You were on level 3 of the Dungeon.
You visited 1 branch of the dungeon, and saw 3 of its levels.

You collected 42 gold pieces.

Inventory:

Hand Weapons
 a - a +0 long sword (weapon)
 l - a +2 whip of holy wrath
Armour
 b - a +0 scale mail (worn)
 c - a +0 buckler (worn)
Scrolls
 e - a scroll of butterflies {unknown}
 f - 2 scrolls of identify {unknown}
 h - a scroll of fog {unknown}
 i - a scroll of enchant armour {unknown}
 m - a scroll of vulnerability {unknown}
Potions
 d - a potion of might
 g - a potion of curing {unknown}
 j - a potion of haste {unknown}
 k - a potion of enlightenment {unknown}


   Skills:
 + Level 4.2 Fighting
 + Level 3.2 Long Blades
 + Level 4.3 Armour
 * Level 4.8 Shields


You had 3 spell levels left.
You didn't know any spells.
Your spell library was empty.

Dungeon Overview and Level Annotations

Branches:
Dungeon (3/15)

Altars:


Innate Abilities, Weirdness & Mutations

You have a pair of horns on your head.
You reflexively headbutt those who attack you in melee.


Message History

You climb downwards.
There is a stone staircase leading up here.
An adder comes into view.
The adder hisses angrily.
An adder is nearby!
An adder is nearby!
The adder bites you but does no damage.
You slash the adder!
The adder is severely wounded.
The adder barely misses you. x2
You miss the adder.
The adder is severely wounded.
The adder closely misses you. You furiously retaliate!
You headbutt the adder!
You kill the adder!
No target in view!
No target in view!
Found a stone staircase leading down. 2 gnolls come into view.
The gnoll shouts!
You hear a shout!
There are monsters nearby!
A gnoll comes into view. It is wielding a +0 halberd.
Found 9 gold pieces.
The gnoll shouts!
A gnoll comes into view. It is wielding a +0 spear.
A shadow imp comes into view.
You block the gnoll's attack. The gnoll hits you with a +0 halberd!
You hit the gnoll but do no damage. The gnoll closely misses you.
You block the gnoll's attack.
You hit the gnoll.
The gnoll is moderately wounded.
The shadow imp gestures at you. Pain shoots through your body!
The gnoll hits you with a +0 flail. The gnoll hits you with a +0 halberd!
* * * LOW HITPOINT WARNING * * *
The gnoll barely misses you. x2; The gnoll hits you but does no damage.
The gnoll barely misses you. You furiously retaliate!
You headbutt the gnoll! The gnoll closely misses you.
The gnoll barely misses you. The gnoll attacks as it pursues you!
The gnoll barely misses you. The gnoll attacks as it pursues you!
The gnoll hits you with a +0 flail!
You die...

#.# ###### #.#
#....# #.# #.##.#
##.######.##.#
######............#
........######.####
######..# #.# #..#
#<#
.#.###.@########
.......g........
##.###..########
###gg#######
#>...g......
#...5.......
#.............
###.#.........
#.#..#.#####


You could see 4 gnolls and a shadow imp.

Vanquished Creatures
  2 adders
  A dart slug (D:1)
  A worm (D:2)
  7 bats
  8 endoplasms
  7 giant cockroaches
  8 hobgoblins
  3 jackals (D:1)
  7 ball pythons
  2 frilled lizards
  4 goblins
  6 kobolds
  3 rats
59 creatures vanquished.

Notes
Turn   | Place    | Note
-------+----------+-------------------------------------------
     0 | D:1      | BinkBink the Minotaur Fighter began the quest for the Orb.
     0 | D:1      | Reached XP level 1. HP: 19/19 MP: 0/0
   169 | D:1      | Reached XP level 2. HP: 26/27 MP: 1/1
   445 | D:1      | Reached XP level 3. HP: 29/33 MP: 2/2
  1418 | D:2      | Reached XP level 4. HP: 40/40 MP: 3/3
  1626 | D:3      | Slain by a gnoll

Illustrated notes

Levels and vault maps discovered:
D:1:      dpeg_arrival_pond, layout_basic, amcnicky_mini_pool_small
D:2:      layout_loops_ring
D:3:      layout_basic, nicolae_overflow_ecumenical_swirl, old_standard_altar,
          ebering_ghost_reflecting_pool

Skill      XL: |  1  2  3 |
---------------+----------+-----
Shields        | 4 |  4.8
Armour         | 4 |  4.3
Fighting       | 4 |  4.2
Long Blades    | 3 |  3.2

Action                     |  1- 3 |  4- 6 || total
---------------------------+-------+-------++-------
  Melee: Long sword        |   107 |    11 ||   118
         Headbutt          |    21 |       ||    21
 Armour: Scale mail        |    74 |    10 ||    84
  Dodge: Dodged            |    54 |    12 ||    66
  Block: Buckler           |    20 |     6 ||    26

Table legend: (Time is in decaauts)
 A = Elapsed time spent in this place.
 B = Non-inter-level travel time spent in this place.
 C = Inter-level travel time spent in this place.
 D = Time resting spent in this place.
 E = Time spent auto-exploring this place.
 F = Levels seen in this place.
 G = Mean time per level.
                   A        B        C        D        E       F      G
               +--------+--------+--------+--------+--------+-----+--------+
         Total |   1659 |   1598 |     61 |      0 |   1306 |   3 |  553.0 |
       Dungeon |   1659 |   1598 |     61 |      0 |   1306 |   3 |  553.0 |
               +--------+--------+--------+--------+--------+-----+--------+

Top non-repeatable levels by time:
     D:1: 917 daAuts
     D:2: 706 daAuts
     D:3: 34 daAuts
